 Dungeon Crawl Stone Soup version 0.22-b1-59-g0aedee7 (webtiles) character file.

133 Doobh the Sneak (level 5, 0/32 HPs)
             Began as a Kobold Assassin on Aug 10, 2018.
             Killed by divine providence
             ... invoked by an orc priest
              (12 damage)
             ... on level 3 of the Dungeon.
             The game lasted 00:11:12 (2652 turns).

Doobh the Sneak (Kobold Assassin)                   Turns: 2652, Time: 00:11:13

Health: 0/32       AC:  6    Str:  9    XL:     5   Next: 39%
Magic:  6/6        EV: 15    Int: 12    God:
Gold:   162        SH:  0    Dex: 17    Spells: 4/5 levels left

rFire    . . .     SeeInvis .   b - +0 blowgun
rCold    . . .     Gourm    .   (shield restricted)
rNeg     . . .     Faith    .   v - +0 animal skin (curse)
rPois    .         Spirit   .   w - +2 helmet
rElec    .         Reflect  .   d - +0 cloak
rCorr    +         Harm     .   (no gloves)
MR       .....                  (no boots)
Stlth    +++.......             (no amulet)
HPRegen  0.10/turn              k - ring of resist corrosion
MPRegen  0.10/turn              (no ring)

@: no status effects
A: small, carnivore
a: no special abilities


You were on level 3 of the Dungeon.
You were completely stuffed.

You visited 1 branch of the dungeon, and saw 3 of its levels.

You collected 162 gold pieces.

Inventory:

Hand Weapons
 a - a +2 dagger
 b - a +0 blowgun (weapon)
 j - a +0 dagger of freezing
 u - a +0 dagger of protection
Missiles
 e - 39 poisoned needles (quivered)
 q - 42 stones
Armour
 d - a +0 cloak (worn)
 v - a cursed +0 animal skin (worn)
 w - a +2 helmet (worn)
Jewellery
 k - a ring of resist corrosion (left hand)
 p - an uncursed ring of magical power {unknown}
Scrolls
 n - 2 scrolls of teleportation
 r - 2 scrolls of fear
Potions
 h - a potion of agility {unknown}
 m - 2 potions of might {unknown}
 t - a potion of brilliance {unknown}
Comestibles
 f - 6 chunks of flesh
 g - 5 rations


   Skills:
 + Level 3.0 Fighting
 + Level 3.7 Short Blades
 + Level 3.0 Throwing
 + Level 2.0 Dodging
 + Level 6.5 Stealth
 * Level 0.9 Spellcasting
 * Level 0.5 Hexes


You had 4 spell levels left.
You knew the following spells:

 Your Spells              Type           Power        Failure   Level  Hunger
a - Confusing Touch       Hex            #.....       24%         1    ##.....

Your spell library contained the following spells:

 Spells                   Type           Power        Failure   Level  Hunger
 Apportation              Tloc           #.....       30%         1    ##.....
 Summon Small Mammal      Summ           #...         30%         1    ##.....
 Animate Skeleton         Necr           N/A          30%         1    ##.....


Dungeon Overview and Level Annotations

Branches:
Dungeon (3/15)

Altars:
Cheibriados
Nemelex Xobeh

Annotations:
D:3 Grinder


Innate Abilities, Weirdness & Mutations

You are small and have problems with some larger weapons.
You are carnivorous and can eat meat at any time.


Message History

The orc priest calls upon Beogh to heal the orc priest.
The orc priest is healed somewhat.
The orc priest mumbles some strange prayers to Beogh against you.
Pain shoots through your body!
Fire/throw which item? (* to show all) (? for menu, Esc to quit)
Press: ? - help, Shift-Dir - straight line, f - orc priest, p - orc priest
Aim: an orc priest, wielding a flail You shoot a curare-tipped needle.
The curare-tipped needle closely misses the orc priest.
Firing (i - inventory. (/) - cycle)
e - 40 poisoned needles (quivered)
Press: ? - help, Shift-Dir - straight line, f/p - orc priest
Aim: an orc priest, wielding a flail You shoot a poisoned needle.
The poisoned needle closely misses the orc priest.
The poisoned needle barely misses the orc priest.
The poisoned needle hits the orc wizard.
The orc wizard is poisoned.
The orc priest invokes the aid of Beogh against you.
Beogh smites you!
You die...

.#......)..# ##.........#
...........# ##⌠.⌠.÷....##
#..........#
######.._..#...##
#..........###......⌠.⌠######
##.........##..####...##
...............# #####****
##.......#####.## *,,,.,,*
...#####..#* #..####o...,,*
.##* ##..# ##.@..oo.o.,,* #*
*#.#**######...(,>* *...****
*,,**#*** *##..,,***,**
*##*,,,*,* ***,,,* *****


You could see 2 orc priests, an orc wizard and an orc.

Vanquished Creatures
  Robin (D:3)
  An adder (D:2)
  2 oozes
  3 worms
  4 dart slugs
  7 leopard geckos
  An orc (D:3)
  2 ball pythons
  A giant cockroach (D:2)
  17 goblins
  9 hobgoblins
  4 jackals (D:2)
  7 kobolds
  5 bats
  2 frilled lizards
  8 rats
74 creatures vanquished.

Notes
Turn   | Place    | Note
-------+----------+-------------------------------------------
     0 | D:1      | Doobh the Kobold Assassin began the quest for the Orb.
     0 | D:1      | Reached XP level 1. HP: 12/12 MP: 1/1
    68 | D:1      | Reached XP level 2. HP: 17/17 MP: 2/2
   218 | D:1      | Reached skill level 6 in Stealth
   227 | D:1      | Reached XP level 3. HP: 13/22 MP: 3/3
  1049 | D:2      | Reached XP level 4. HP: 27/27 MP: 4/4
  1646 | D:2      | Learned a level 1 spell: Confusing Touch
  1997 | D:2      | Reached XP level 5. HP: 26/32 MP: 5/5
  2067 | D:3      | Found a snail-covered altar of Cheibriados.
  2206 | D:3      | Noticed Robin
  2214 | D:3      | Killed Robin
  2559 | D:3      | Noticed Grinder
  2620 | D:3      | Found a sparkling altar of Nemelex Xobeh.
  2652 | D:3      | Killed from afar by an orc priest

Skill      XL: |  1  2  3  4  5 |
---------------+----------------+-----
Stealth        | 6 |  6.5
Short Blades   | 3 |  3.7
Fighting       | 3 |  3.0
Throwing       | 3 |  3.0
Dodging        | 2 |  2.0
Spellcasting   | |  0.9
Hexes          | |  0.5

Action                   |  1- 3 |  4- 6 || total
-------------------------+-------+-------++-------
Melee: Dagger            |    80 |   168 ||   248
 Fire: Blowgun           |    14 |    58 ||    72
Throw: Stone             |       |    11 ||    11
  Use: Scroll            |     2 |     7 ||     9
 Stab: Sleeping          |     6 |     6 ||    12
  Eat: Chunk             |     9 |     5 ||    14
Armor: Robe              |    21 |    22 ||    43
       Animal skin       |       |     3 ||     3
Dodge: Dodged            |    58 |   109 ||   167
